 Dungeon Crawl Stone Soup version 0.28.0-43-g3370ac3207 (webtiles) character file.

Game seed: 5320660604512478390

2881 demenzo the Cleaver (level 9, 0/82 HPs)
             Began as a Minotaur Cinder Acolyte on Mar 8, 2022.
             Was a Priest of Ignis.
             Slain by a human
             ... wielding a +0 war axe
              (8 damage)
             ... in a bailey.
             The game lasted 00:10:41 (6965 turns).

demenzo the Cleaver (Minotaur Cinder Acolyte)       Turns: 6965, Time: 00:10:41

Health: 0/82       AC: 19    Str: 20    XL:     9   Next: 48%
Magic:  9/9        EV:  8    Int: 11    God:    Ignis [***...]
Gold:   275        SH:  0    Dex:  9    Spells: 10/10 levels left

rFire   + . .      SeeInvis .   H - +0 hand axe (vorpal)
rCold   . . .      Faith    .   (no shield)
rNeg    . . .      Spirit   .   j - +0 chain mail
rPois   .          Reflect  .   (helmet restricted)
rElec   .          Harm     .   h - +0 cloak
rCorr   .          Rampage  .   (no gloves)
Will    .....                   (no boots)
Stlth   ..........              (no amulet)
HPRegen 0.23/turn               (no ring)
MPRegen 0.11/turn               (no ring)

@: mighty, on berserk cooldown, fiery-armoured, slowed, very slow
A: horns 2, retaliatory headbutt
a: Renounce Religion, Fiery Armour, Foxfire Swarm, Rising Flame


You were in a bailey.
You worshipped Ignis.
Ignis was most pleased with you.
You visited 1 branch of the dungeon, and saw 7 of its levels.
You also visited: Bailey.

You collected 275 gold pieces.

Inventory:

Hand Weapons
 a - a -1 hand axe of flaming
 D - a +0 hand crossbow
 G - a +0 shortbow
 H - a +0 vorpal hand axe (weapon)
Missiles
 c - 145 stones (quivered)
 g - 60 arrows
 q - 83 bolts
 r - 4 boomerangs
 u - 11 poisoned darts
 E - a curare-tipped dart
Armour
 b - a +0 robe
 h - a +0 cloak (worn)
 j - a +0 chain mail (worn)
 A - an orb of wrath
Jewellery
 w - a ring of ice
 x - a ring of fire
 B - an amulet of faith
Wands
 i - a wand of flame (38)
 s - a wand of polymorph (8)
Scrolls
 d - a scroll of blinking
 f - 3 scrolls of identify
 k - a scroll of acquirement {unknown}
 m - a scroll of holy word {unknown}
 n - a scroll of magic mapping {unknown}
 o - 2 scrolls of teleportation {unknown}
 p - a scroll of enchant weapon {unknown}
 v - a scroll of fog {unknown}
 y - a scroll of immolation {unknown}
 C - a scroll of silence {unknown}
Potions
 e - 4 potions of curing
 l - 2 potions of might
 t - a potion of berserk rage
 z - a potion of magic
 F - a potion of haste {unknown}


   Skills:
 + Level 8.7 Fighting
 * Level 11.7 Axes
 + Level 7.4 Armour
 - Level 1.4 Dodging
 - Level 1.0 Spellcasting
 - Level 2.1 Fire Magic


You had 10 spell levels left.
You didn't know any spells.
Your spell library contained the following spells:

 Spells                   Type           Power      Damage    Failure   Level
 Scorch                   Fire           10%        2d6       85%         2
 Sublimation of Blood     Necr           0%         N/A       98%         2
 Tukima's Dance           Hex            0%         N/A       100%        3
 Passage of Golubria      Tloc           0%         N/A       100%        4
 Petrify                  Tmut/Erth      0%         N/A       100%        4
 Irradiate                Conj/Tmut      0%         3d13      100%        5
 Yara's Violent Unravell  Hex/Tmut       0%         3d3       100%        5


Dungeon Overview and Level Annotations

Branches:
Dungeon (7/15)             Temple (0/1) D:6          Bailey (1/1)

Altars:
Dithmenos
Gozag
Hepliaklqana
Nemelex Xobeh
Uskayaw
Vehumet

Shops:
D:6 =

Annotations:
D:3 1 runed translucent door, Crazy Yiuf


Innate Abilities, Weirdness & Mutations

You have a pair of horns on your head.
You reflexively headbutt those who attack you in melee.


Message History

The human hits you but does no damage.
Unknown command.
Okay, then.
Unknown command.
You feel very mighty all of a sudden. The human hits you with a +0 war axe.
* * * LOW HITPOINT WARNING * * *
The human is burned by your cloak of flames.
The human is severely wounded.
The human hits you with a +0 war axe!
* * * LOW HITPOINT WARNING * * *
You hit the human. Your headbutt misses the human.
The human is almost dead.
You slash the human! The human hits you with a +0 war axe!
* * * LOW HITPOINT WARNING * * *
The human is engulfed in a cloud of scalding steam.
Unknown command.
You miss the human.
The human is almost dead.
You closely miss the human. The human hits you with a +0 war axe.
* * * LOW HITPOINT WARNING * * *
The human is burned by your cloak of flames.
You kill the human!
A human comes into view. It is wielding a +0 war axe.
The human barely misses you. You furiously retaliate!
You headbutt the human, but do no damage.
The human barely misses you.
You feel better. The human hits you with a +0 war axe.
* * * LOW HITPOINT WARNING * * *
The human is burned by your cloak of flames.
The human is heavily wounded.
The human barely misses you.
Unknown command.
You barely miss the human. You headbutt the human.
You kill the human!
You closely miss the human. The human barely misses you.
You furiously retaliate!
You headbutt the human, but do no damage.
The human hits you with a +0 war axe!
You die...

##########
##...##≈≈≈##
##..@)#§§≈≈≈#
#...p.)≈≈≈≈≈#####
#......#≈≈≈)##...##
###..p.##≈≈)').∩..#
###..######[....#
##'#....'..∩..#
#......##...##
#...... #####
######


You could see 2 humans.

Vanquished Creatures
  Sigmund (D:4)
  7 humans (Bailey)
  2 orc warriors
  An ice beast (D:6)
  A sky beast (D:6)
  2 black bears (D:6)
  2 necrophages
  An ogre (D:4)
  A centaur (D:7)
  A phantom (D:6)
  A kobold brigand (D:6)
  A bullfrog (D:6)
  3 wights (D:6)
  3 orc priests
  A hound (D:4)
  2 bullfrog skeletons
  3 centaur skeletons
  Ijyb (D:3)
  Terence (D:3)
  6 iguanas
  2 orc wizards
  3 hound skeletons
  A howler monkey zombie (D:5)
  2 adders
  2 adder skeletons
  A worm (D:2)
  A dart slug (D:2)
  13 orcs
  5 ball pythons
  2 endoplasms
  6 giant cockroaches
  12 goblins
  5 hobgoblins
  5 jackals (D:1)
  11 kobolds
  3 bats (D:1)
  4 frilled lizards
  5 rats
124 creatures vanquished.

Vanquished Creatures (others)
  44 foxfires
44 creatures vanquished.

Grand Total: 168 creatures vanquished

Notes
Turn   | Place    | Note
-------+----------+-------------------------------------------
     0 | D:1      | demenzo the Minotaur Cinder Acolyte began the quest for the
                  | Orb.
     0 | D:1      | Reached XP level 1. HP: 19/19 MP: 1/1
   259 | D:1      | Reached skill level 4 in Axes
   290 | D:1      | Reached XP level 2. HP: 22/27 MP: 2/2
   570 | D:1      | Reached skill level 1 in Dodging
  1274 | D:2      | Reached XP level 3. HP: 33/33 MP: 3/3
  1578 | D:2      | Found a faded altar of an unknown god.
  2330 | D:3      | Noticed Terence
  2347 | D:3      | Killed Terence
  2348 | D:3      | Reached skill level 5 in Axes
  2348 | D:3      | Reached skill level 1 in Armour
  2348 | D:3      | Reached XP level 4. HP: 28/41 MP: 4/4
  2689 | D:3      | Noticed a necrophage
  2691 | D:3      | Noticed Ijyb
  2696 | D:3      | Killed a necrophage
  2697 | D:3      | Reached XP level 5. HP: 46/47 MP: 5/5
  2701 | D:3      | Killed Ijyb
  2702 | D:3      | Reached skill level 6 in Axes
  2937 | D:3      | Found a runed translucent door.
  2938 | D:3      | Noticed Crazy Yiuf
  3283 | D:4      | Identified the +4 ring mail "Buamenn" {Rampage Fly Will-
                  | rCorr}
  3294 | D:4      | Reached skill level 5 in Fighting
  3451 | D:4      | Reached XP level 6. HP: 56/56 MP: 6/6
  3544 | D:4      | Found a shadowy altar of Dithmenos.
  3553 | D:4      | Found a hazy altar of Hepliaklqana.
  3556 | D:4      | Found a sparkling altar of Nemelex Xobeh.
  3556 | D:4      | Found a radiant altar of Vehumet.
  3603 | D:4      | Found an opulent altar of Gozag.
  3930 | D:4      | Noticed Sigmund
  3935 | D:4      | Killed Sigmund
  3936 | D:4      | Reached skill level 7 in Axes
  3989 | D:5      | Entered Level 5 of the Dungeon
  4072 | D:5      | Reached XP level 7. HP: 60/62 MP: 7/7
  4687 | D:5      | Reached skill level 8 in Axes
  5181 | D:6      | Found Etiuta's Jewellery Emporium.
  5302 | D:6      | Found a staircase to the Ecumenical Temple.
  5320 | D:6      | Reached XP level 8. HP: 30/71 MP: 8/8
  5528 | D:6      | Reached skill level 5 in Armour
  5567 | D:6      | Reached skill level 9 in Axes
  5915 | D:6      | Reached skill level 10 in Axes
  6134 | D:6      | Found a hide-covered altar of Uskayaw.
  6894 | D:7      | Found a flagged portal.
  6900 | Bailey   | Entered a bailey
  6929 | Bailey   | Reached XP level 9. HP: 54/81 MP: 9/9
  6938 | Bailey   | Reached skill level 11 in Axes
  6963 | Bailey   | HP: 4/82 [human/+0 war axe (1)]
  6965 | Bailey   | Slain by a human

Illustrated notes

Levels and vault maps discovered:
D:1:      mushboom_english_gardens, layout_loops_corners
D:2:      layout_loops_ring, ebering_ecumenical_altar_hall
D:3:      layout_loops_ring, uniq_ijyb, uniq_terence, uniq_crazy_yiuf_cottage
D:4:      layout_basic, nicolae_overflow_hallway_of_the_gods, uniq_sigmund
D:5:      layout_rooms, hex_medium
D:6:      layout_basic, nicolae_uskayaw_dance_studio, temple_green,
          serial_shops, nicolae_shop_stone
D:7:      layout_rooms, jmf_multi_god_temple, enter_bailey_3, enter_ossuary_5,
          solitary_fountain, uniq_duvessa
Bailey:   bailey_axe_froggy_fort_hellmonk, bailey

Skill      XL: |  1  2  3  4  5  6  7  8  9 |
---------------+----------------------------+-----
Axes           | 4 5 6 7 8 10 11 | 11.7
Dodging        | 1 |  1.4
Fighting       | 4 5 6 8 |  8.7
Armour         | 1 2 3 4 6 7 |  7.4
Spellcasting   | |  1.0
Fire Magic     | |  2.1

Action                   |  1- 3 |  4- 6 |  7- 9 || total
-------------------------+-------+-------+-------++-------
Melee: Hand axe          |   109 |    99 |   191 ||   399
       Headbutt          |    11 |    16 |    40 ||    67
       Punch             |       |     1 |     3 ||     4
Invok: Fiery Armour      |       |     1 |     1 ||     2
       Foxfire Swarm     |       |     1 |     2 ||     3
Evoke: Wand              |       |       |     4 ||     4
  Use: Scroll            |       |     2 |     2 ||     4
       Potion            |       |     1 |     4 ||     5
Armor: Robe              |    15 |       |       ||    15
       Chain mail        |    22 |    59 |   126 ||   207
Dodge: Dodged            |    52 |    22 |    60 ||   134
